 Dungeon Crawl Stone Soup version 0.28-a0-1518-gbe868bca14 (webtiles) character file.

Game seed: 11117741928631346560

36 leviel the Shield-Bearer (level 3, -2/23 HPs)
             Began as a Gargoyle Fighter on Jan 16, 2022.
             Killed by divine providence
             ... invoked by an orc priest
              (12 damage)
             ... on level 3 of the Dungeon.
             The game lasted 00:01:39 (1497 turns).

leviel the Shield-Bearer (Gargoyle Fighter)         Turns: 1497, Time: 00:01:39

Health: -2/23      AC: 10    Str: 19    XL:     3   Next: 37%
Magic:  3/3        EV:  9    Int: 10    God:
Gold:   45         SH:  4    Dex:  9    Spells: 1/2 levels left

rFire   . . .      SeeInvis .   a - +0 trident
rCold   . . .      Faith    .   c - +0 buckler
rNeg    + . .      Spirit   .   b - +0 scale mail
rPois   ∞          Reflect  .   (no helmet)
rElec   +          Harm     .   (no cloak)
rCorr   .          Rampage  .   (no gloves)
Will    .....                   (no boots)
Stlth   ..........              (no amulet)
HPRegen 0.07/turn               (no ring)
MPRegen 0.08/turn               (no ring)

@: no status effects
A: sickness immunity, AC +3, negative energy resistance 1, electricity
resistance, torment resistance 1, petrification resistance
a: no special abilities


You were on level 3 of the Dungeon.
You visited 1 branch of the dungeon, and saw 3 of its levels.

You collected 45 gold pieces.

Inventory:

Hand Weapons
 a - a +0 trident (weapon)
Armour
 b - a +0 scale mail (worn)
 c - a +0 buckler (worn)
Jewellery
 j - an amulet of the acrobat
 l - a +6 ring of intelligence
Scrolls
 f - a scroll of silence {unknown}
 g - 2 scrolls of vulnerability {unknown}
 i - a scroll of acquirement {unknown}
 m - a scroll of noise {unknown}
Potions
 d - a potion of might
 e - 2 potions of brilliance {unknown}
 h - a potion of attraction {unknown}
 k - a potion of lignification {unknown}


   Skills:
 + Level 3.6 Fighting
 * Level 2.3 Polearms
 + Level 3.6 Armour
 + Level 3.6 Shields
 + Level 0.3 Spellcasting
 + Level 0.5 Conjurations


You had one spell level left.
You knew the following spells:

 Your Spells              Type           Power      Damage    Failure   Level
a - Magic Dart            Conj           4%         1d3       75%         1

Your spell library contained the following spells:

 Spells                   Type           Power      Damage    Failure   Level
 Call Imp                 Summ           0%         N/A       91%         2
 Corpse Rot               Necr/Air       0%         N/A       91%         2
 Poisonous Vapours        Pois/Air       0%         N/A       91%         2
 Mephitic Cloud           Conj/Pois/Air  0%         N/A       98%         3


Dungeon Overview and Level Annotations

Branches:
Dungeon (2/15)

Altars:
Cheibriados


Innate Abilities, Weirdness & Mutations

You are immune to sickness and miasma.
Your stone body is resilient. (AC +3)
You are immune to poison.
You resist negative energy. (rN+)
You are resistant to electric shocks. (rElec)
You are resistant to unholy torment.
You are immune to petrification.


Message History

You are too injured to fight recklessly!
You are too injured to fight recklessly!
You are too injured to fight recklessly!
You are too injured to fight recklessly!
You are too injured to fight recklessly!
You are too injured to fight recklessly!
You are too injured to fight recklessly!
You are too injured to fight recklessly!
You are too injured to fight recklessly!
An orc priest is nearby!
You are too injured to fight recklessly!
An orc comes into view. It is wielding a +0 club.
An orc comes into view. It is wielding a +0 short sword.
The orc shouts! x2
You see here a +0 dagger.
You hit the orc priest.
The orc priest is moderately wounded.
The orc priest hits you with a +0 club.
You completely miss the orc priest.
The orc priest is moderately wounded.
An orc comes into view. It is wielding a +0 hand axe.
The orc shouts!
You hit the orc.
The orc is severely wounded.
The orc hits you but does no damage.
You closely miss the orc.
The orc is severely wounded.
An orc comes into view. It is wielding a +0 club.
The orc hits you but does no damage.
You closely miss the orc.
The orc is severely wounded.
The orc hits you but does no damage.
You puncture the orc!
You kill the orc!
You puncture the orc priest!
The orc priest is almost dead.
The orc priest invokes the aid of Beogh against you.
Beogh smites you!
Ouch! That really hurt!
You die...

###
#..
#o#
#o#
#o#
#.#
#o#
#@#
#)#
#.#
#.#
#.#
#.#
#.#
#.##
#..#


You could see an orc priest and 3 orcs.

Vanquished Creatures
  A worm (D:2)
  A dart slug (D:2)
  An orc (D:3)
  4 bats (D:1)
  2 endoplasms
  3 giant cockroaches (D:1)
  4 goblins
  2 hobgoblins (D:1)
  2 jackals (D:2)
  4 ball pythons
  2 rats
26 creatures vanquished.

Notes
Turn   | Place    | Note
-------+----------+-------------------------------------------
     0 | D:1      | leviel the Gargoyle Fighter began the quest for the Orb.
     0 | D:1      | Reached XP level 1. HP: 14/14 MP: 1/1
   260 | D:1      | Reached XP level 2. HP: 19/19 MP: 2/2
   416 | D:1      | Learned a level 1 spell: Magic Dart
  1006 | D:1      | Found a faded altar of an unknown god.
  1050 | D:2      | Reached XP level 3. HP: 17/23 MP: 3/3
  1236 | D:2      | Found a snail-covered altar of Cheibriados.
  1478 | D:2      | You fall into a shaft and drop 1 floor!
  1497 | D:3      | Killed from afar by an orc priest

Illustrated notes

Levels and vault maps discovered:
D:1:      amcnicky_arrival_gap_in_the_tavern_cellar, layout_basic,
          dreamdust_ecumenical_altar_hidden_monk_grotto, serial_park_tiny_1
D:2:      layout_basic, basic_altar, small_statue_intersection
D:3:      layout_loops_ring, serial_glass, glass_columns_a, glass_columns_a,
          glass_columns_b, glass_columns_a, glass_columns_b, glass_columns_a,
          minmay_increasing_density, uniq_grinder, uniq_terence, uniq_ijyb

Skill      XL: |  1  2 |
---------------+-------+-----
Polearms       | 2 |  2.3
Fighting       | |  3.6
Armour         | |  3.6
Shields        | |  3.6
Spellcasting   | |  0.3
Conjurations   | |  0.5

Action                   || total
-------------------------++-------
Melee: Trident           ||    80
 Cast: Magic Dart        ||     2
Armor: Scale mail        ||    40
Dodge: Dodged            ||    22
Block: Buckler           ||     5

Table legend: (Time is in decaauts)
 A = Elapsed time spent in this place.
 B = Non-inter-level travel time spent in this place.
 C = Inter-level travel time spent in this place.
 D = Time resting spent in this place.
 E = Time spent auto-exploring this place.
 F = Levels seen in this place.
 G = Mean time per level.
                   A        B        C        D        E       F      G
               +--------+--------+--------+--------+--------+-----+--------+
         Total |   1514 |   1481 |     33 |      0 |   1267 |   3 |  504.7 |
       Dungeon |   1514 |   1481 |     33 |      0 |   1267 |   3 |  504.7 |
               +--------+--------+--------+--------+--------+-----+--------+

Top non-repeatable levels by time:
     D:1: 1057 daAuts
     D:2: 436 daAuts
     D:3: 20 daAuts
